 Dungeon Crawl Stone Soup version 0.28.0 (webtiles) character file.

Game seed: 13331747855779300604

184 tizbic2 the Grave Robber (level 5, -11/35 HPs)
             Began as a Mummy Necromancer on Feb 5, 2022.
             Was a Follower of Qazlal.
             Killed by divine providence
             ... invoked by an orc priest
              (13 damage)
             ... on level 3 of the Dungeon.
             The game lasted 00:12:27 (2339 turns).

tizbic2 the Grave Robber (Mummy Necromancer)        Turns: 2339, Time: 00:12:27

Health: -11/35     AC:  6    Str: 11    XL:     5   Next: 36%
Magic:  11/11      EV: 10    Int: 16    God:    Qazlal [*.....]
Gold:   105        SH:  2    Dex: 13    Spells: 11/12 levels left

rFire   x . .      SeeInvis .   w - +8 shortbow (freeze)
rCold   + . .      Faith    .   (shield currently unavailable)
rNeg    + + +      Spirit   .   h - +0 ring mail
rPois   ∞          Reflect  .   f - +0 helmet
rElec   .          Harm     .   (no cloak)
rCorr   .          Rampage  .   (no gloves)
Will    .....                   (no boots)
Stlth   +.........              (no amulet)
HPRegen 0.11/turn               (no ring)
MPRegen 0.12/turn               (no ring)

@: no status effects
A: cold resistance 1, negative energy resistance 3, torment resistance 2, heat
vulnerability 1, no potions
a: Renounce Religion


You were on level 3 of the Dungeon.
You worshipped Qazlal.
Qazlal was aware of your devotion.
You visited 1 branch of the dungeon, and saw 3 of its levels.

You collected 105 gold pieces.

Inventory:

Hand Weapons
 w - a +8 shortbow of freezing (weapon)
Missiles
 c - 10 arrows (quivered ammo)
 d - 21 bolts
 e - 20 stones
 g - 19 sling bullets
Armour
 a - a +0 robe
 f - a +0 helmet (worn)
 h - a +0 ring mail (worn)
Magical Staves
 q - a staff of poison


   Skills:
 + Level 1.4 Staves
 * Level 1.5 Bows
 - Level 1.8 Dodging
 - Level 1.5 Stealth
 + Level 4.0 Spellcasting
 + Level 5.1 Necromancy


You had 11 spell levels left.
You knew the following spells:

 Your Spells              Type           Power      Damage    Failure   Level
a - Pain                  Necr           76%        1d7       4%          1

Your spell library contained the following spells:

 Spells                   Type           Power      Damage    Failure   Level
 Animate Skeleton         Necr           38%        N/A       4%          1
 Vampiric Draining        Necr           19%        2d7       14%         3
 Animate Dead             Necr           9%         N/A       43%         4
 Agony                    Necr           19%        N/A       80%         5


Dungeon Overview and Level Annotations

Branches:
Dungeon (3/15)

Altars:
Qazlal


Innate Abilities, Weirdness & Mutations

You are immune to poison.
Your flesh is cold resistant. (rC+)
You are immune to negative energy. (rN+++)
You are immune to unholy pain and torment.
You are vulnerable to heat. (rF-)
You do not drink.


Message History

Press: ? - help, Q - select action, (/) - cycle Shift-Dir - straight line, f - orc priest
Aim: an orc priest, wielding a +0 dagger and wearing a +0 ring mail (69% to hit)
You shoot an arrow. The arrow barely misses the orc.
The orc shouts!
The arrow hits the orc priest.
The arrow freezes the orc priest.
The orc priest is moderately wounded.
An orc comes into view. It is wielding a +0 club.
Fire: 12 arrows
Press: ? - help, Q - select action, (/) - cycle Shift-Dir - straight line, f/p - orc priest
Aim: an orc priest, wielding a +0 dagger and wearing a +0 ring mail (moderately wounded, 69% to hit)
You shoot an arrow. The arrow barely misses the orc.
The arrow hits the orc.
The arrow freezes the orc.
The orc is moderately wounded.
The orc closely misses you.
Okay, then.
Fire: 11 arrows
Press: ? - help, Q - select action, (/) - cycle Shift-Dir - straight line, f/p - orc priest
Aim: an orc priest, wielding a +0 dagger and wearing a +0 ring mail (moderately wounded, 69% to hit)
You shoot an arrow.
You hear some strange, mumbled words.
You are confused.
Non-targeted confused fire: 10 arrows
Press: ? - help, Q - select action, (/) - cycle Dir - look around, f - activate
Okay, then.
Non-targeted confused fire: 10 arrows
Press: ? - help, Q - select action, (/) - cycle Dir - look around, f - activate Look: an orc priest, wielding a +0 dagger and wearing a +0 ring mail (moderately wounded)
Okay, then.
You bump into the rock wall.
Something hits you.
You are electrocuted!!
Ouch! That really hurt!
Unknown command.
You bump into the rock wall.
Something hits you but does no damage.
The orc priest calls down the wrath of Beogh upon you.
Beogh smites you!
* * * LOW HITPOINT WARNING * * *
You bump into the rock wall.
Something hits you but does no damage.
You feel less confused.
The orc priest mumbles some strange prayers to Beogh against you.
Beogh smites you!
You die...

.....##..##
....###.......#
#.....#...#.###
#.....#...#.#
.......#.....##. #.#
.8..o8.#.....##. #.#
....o..#.... #.#
.......#.o########.#
...(.(.#..ooo...@..#
.8..o8.#(###########
......o#.#
.......o.#
.......### .......
....... .......
.......


You could see an orc priest and 3 orcs.

Vanquished Creatures
  An orc priest (D:2)
  Jessica (D:2)
  Natasha (thrice) (D:2)
  2 adders (D:2)
  A worm (D:2)
  A dart slug (D:3)
  5 orcs
  4 ball pythons (D:1)
  3 giant cockroaches (D:1)
  2 goblins
  A hobgoblin (D:1)
  3 bats (D:1)
  A frilled lizard (D:2)
  5 kobolds
  3 rats
36 creatures vanquished.

Notes
Turn   | Place    | Note
-------+----------+-------------------------------------------
     0 | D:1      | tizbic2 the Mummy Necromancer began the quest for the Orb.
     0 | D:1      | Reached XP level 1. HP: 13/13 MP: 4/4
   185 | D:1      | Reached XP level 2. HP: 16/19 MP: 5/5
   483 | D:1      | Found a faded altar of an unknown god.
   506 | D:1      | Prayed at the altar of an unknown god.
   506 | D:1      | Became a worshipper of Qazlal Stormbringer
   506 | D:1      | Reached * piety under Qazlal
  1228 | D:2      | Reached XP level 3. HP: 17/24 MP: 3/7
  1540 | D:2      | Identified a scroll of acquirement
  1540 | D:2      | Acquired a +8 shortbow of freezing
  1579 | D:2      | Reached XP level 4. HP: 30/30 MP: 2/9
  1663 | D:2      | Noticed Jessica
  1670 | D:2      | Reached skill level 1 in Staves
  1673 | D:2      | Killed Jessica
  1674 | D:2      | Reached skill level 5 in Necromancy
  1956 | D:2      | Noticed Natasha
  1965 | D:2      | Killed Natasha
  1966 | D:2      | Reached skill level 1 in Bows
  2028 | D:2      | Noticed Natasha
  2040 | D:2      | Killed Natasha
  2041 | D:2      | Reached XP level 5. HP: 34/35 MP: 6/10
  2265 | D:2      | Noticed Natasha
  2267 | D:2      | Killed Natasha
  2339 | D:3      | Killed from afar by an orc priest

Illustrated notes

Levels and vault maps discovered:
D:1:      lemuel_arrival_room, layout_basic,
          chequers_ecumenical_altar_simple_redux
D:2:      layout_loops_cross, uniq_jessica, uniq_natasha
D:3:      cheibrodos_pilgrimage, layout_basic, minmay_box_of_dots, uniq_ijyb

Skill      XL: |  1  2  3  4  5 |
---------------+----------------+-----
Spellcasting   | 3 4 |  4.0
Staves         | 1 |  1.4
Necromancy     | 5 |  5.1
Bows           | 1 |  1.5
Dodging        | |  1.8
Stealth        | |  1.5

Action                   |  1- 3 |  4- 6 || total
-------------------------+-------+-------++-------
Melee: Spear             |    50 |     1 ||    51
       Punch             |     1 |       ||     1
       Staff             |       |     7 ||     7
 Fire: Hunting sling     |     5 |       ||     5
       Shortbow          |       |    15 ||    15
 Cast: Pain              |    42 |    10 ||    52
  Use: Scroll            |     2 |       ||     2
 Stab: Sleeping          |     2 |       ||     2
Armor: Robe              |    13 |       ||    13
       Ring mail         |       |     5 ||     5
Dodge: Dodged            |    36 |     9 ||    45
Block: Other             |     2 |     1 ||     3
